 Dungeon Crawl Stone Soup version 0.28.0 (webtiles) character file.

Game seed: 6733375287174803152

46483 crazypyro the Severer (level 14, -1/127 HPs)
             Began as a Minotaur Fighter on Feb 5, 2022.
             Was the Champion of Zin.
             Shot with an arrow by Nessos (20 damage)
             ... on level 6 of the Lair of Beasts.
             The game lasted 00:24:51 (14513 turns).

crazypyro the Severer (Minotaur Fighter)           Turns: 14513, Time: 00:24:51

Health: -1/127     AC: 20    Str: 26    XL:     14   Next: 5%
Magic:  18/18      EV: 14    Int:  7    God:    Zin [******]
Gold:   750        SH: 13    Dex: 12    Spells: 13/13 levels left

rFire   + + .      SeeInvis .   O - +7 hand axe (flame)
rCold   + + .      Faith    .   K - +1 kite shield {rF+}
rNeg    + . .      Spirit   .   d - +5 ring mail "Vexar" {Harm +Blink Int+2 Dex+2}
rPois   .          Reflect  .   (helmet restricted)
rElec   .          Harm     +   c - +1 cloak {rF+}
rCorr   .          Rampage  .   u - +1 pair of gloves of Bad Feelings {rC++ rN+}
Will    +....                   Q - +1 pair of boots
Stlth   +.........              e - amulet of regeneration
HPRegen 1.11/turn               V - +4 ring of slaying
MPRegen 0.16/turn               n - +4 ring of slaying

@: lethally poisoned (-1 -> -3), reciting
A: horns 2, retaliatory headbutt
a: Renounce Religion, Evoke Blink, Recite, Vitalisation, Imprison, Sanctuary,
Donate Gold


You were on level 6 of the Lair of Beasts.
You worshipped Zin.
Zin was exalted by your worship.
You visited 2 branches of the dungeon, and saw 18 of its levels.
You also visited: Volcano.

You collected 975 gold pieces.
You spent 128 gold pieces at shops.
You donated 97 gold pieces to Zin.

Inventory:

Hand Weapons
 a - a +0 war axe of venom
 q - a +0 war axe of venom
 O - a +7 hand axe of flaming (weapon)
Missiles
 P - a throwing net (quivered)
Armour
 c - a +1 cloak of fire resistance (worn)
 d - the +5 ring mail "Vexar" (worn) {Harm +Blink Int+2 Dex+2}
   (You found it on level 4 of the Dungeon)

   Int:       It affects your intelligence (+2).
   Dex:       It affects your dexterity (+2).
   +Blink:    It lets you blink.
   Harm:      It increases damage dealt and taken.
 u - the +1 pair of gloves of Bad Feelings (worn) {rC++ rN+}
   (You found it on level 2 of the Dungeon)

   rC:        It greatly protects you from cold.
   rN:        It protects you from negative energy.
 y - a +3 scale mail of cold resistance
 G - a scarf of repulsion
 K - a +1 kite shield of fire resistance (worn)
 Q - a +1 pair of boots (worn)
Jewellery
 e - an amulet of regeneration (around neck)
 m - a ring of protection from fire
 n - a +4 ring of slaying (right hand)
 p - a ring of see invisible
 s - an amulet of faith
 E - a ring of protection from fire
 S - a ring of resist corrosion
 U - a ring of protection from cold
 V - a +4 ring of slaying (left hand)
Wands
 o - a wand of iceblast (36)
 x - a wand of paralysis (19)
 B - a wand of acid (9)
 H - a wand of flame (30)
 N - a wand of digging (5)
 X - a wand of mindburst (9)
Scrolls
 i - 3 scrolls of brand weapon
 t - a scroll of amnesia
 v - 16 scrolls of identify
 A - 2 scrolls of silence
 J - 4 scrolls of blinking
 L - 5 scrolls of teleportation
 M - a scroll of enchant weapon
 T - 2 scrolls of fear {unknown}
 W - a scroll of torment {unknown}
 Y - a scroll of fog {unknown}
Potions
 b - 2 potions of invisibility {unknown}
 f - 5 potions of lignification
 g - 2 potions of attraction
 h - 4 potions of degeneration {unknown}
 j - 5 potions of curing
 k - a potion of resistance {unknown}
 l - 4 potions of haste {unknown}
 r - 2 potions of cancellation
 w - 2 potions of ambrosia
 z - 4 potions of flight {unknown}
 C - 2 potions of experience {unknown}
 D - 6 potions of heal wounds
 F - 4 potions of mutation {unknown}
 I - 4 potions of might
 R - 5 potions of brilliance {unknown}


   Skills:
 + Level 12.3 Fighting
 - Level 16.1 Axes
 + Level 12.3 Armour
 + Level 11.2 Dodging
 + Level 12.1 Shields
 - Level 6.8 Invocations


You had 13 spell levels left.
You didn't know any spells.
Your spell library contained the following spells:

 Spells                   Type           Power      Damage    Failure   Level
 Scorch                   Fire           0%         2d5       89%         2
 Gell's Gravitas          Tloc           0%         N/A       98%         3
 Lesser Beckoning         Tloc           0%         N/A       98%         3
 Teleport Other           Tloc           0%         N/A       98%         3
 Flame Wave               Conj/Fire      0%         2d4       100%        4
 Summon Cactus Giant      Summ           0%         N/A       100%        6


Dungeon Overview and Level Annotations

Branches:
Dungeon (12/15)            Temple (0/1) D:6            Lair (6/6) D:11
 Shoals (0/4) Lair:4       Spider (0/4) Lair:3      Volcano (visited)
  Slime: Lair:5-6       Orc: D:9-12

Altars:
Kikubaaqudgha
Nemelex Xobeh
Zin
Beogh

Shops:
D:9 *!:(

Annotations:
D:4 1 runed translucent door, Crazy Yiuf
D:8 Harold
Lair:5 3 runed translucent doors, Hairutzoic's ghost, journeyman MiBe
Lair:6 Nessos


Innate Abilities, Weirdness & Mutations

You have a pair of horns on your head.
You reflexively headbutt those who attack you in melee.


Message History

The wolf bites you!
You see here a wolf corpse.
You hit the wolf. You burn the wolf. Your headbutt misses the wolf.
The wolf is heavily wounded.
You feel very sick.
Nessos mumbles some strange words.
Nessos blinks!
The wolf bites you but does no damage.
You slash the wolf! You burn the wolf.
You kill the wolf!
You feel very sick.
Nessos shoots an arrow.
The arrow hits you! The arrow burns you.
You are more poisoned.
Nessos shoots an arrow.
You block the arrow.
You are too injured to fight recklessly!
You feel extremely sick.
Nessos shoots an arrow.
You block the arrow.
Nessos shoots an arrow.
The arrow misses you.
You feel extremely sick.
Nessos shoots an arrow.
You block the arrow.
Nessos shoots an arrow.
The arrow hits you but does no damage.
You feel very sick.
Nessos mumbles some strange words.
Nessos blinks!
Nessos shoots an arrow.
The arrow misses you.
You feel very sick.
Nessos shoots an arrow.
You block the arrow.
Nessos shoots an arrow.
The arrow misses you.
You feel very sick.
You feel very sick.
Nessos mumbles some strange words.
Nessos blinks!
Nessos shoots an arrow.
You block the arrow.
Okay, then.
Activating: Recite (0% risk of failure)
Press: ? - help, Dir - look around, f - activate You clear your throat and prepare to recite. "It was the word of Zin that there would not be anarchy..."
Nessos is dazed by your recitation.
You feel sick.
You hear a roar!
Nessos pounds the earth with their hooves.
Nessos shoots an arrow.
The arrow hits you!
You die...

.....#... ....# .........
#...#####. .......PP
#P....... P......##
##........
...P...####......# ....P##
...##....##......# ..§....
..#.##.......c...###.......
..#####.....#....##........
...# ##...###..@.#........
..## #....###..##.........
...####.....#...#P.§.......
.........P.........†...♣
...##.##.P.........†..♣♣
...#####...........♣♣♣♣
....####........P..♣
......##.......♣♣♣♣♣
....P##........♣


You could see Nessos (fast, dazed).

Vanquished Creatures
  A stone giant (Volcano)
  Josephine (Lair:5)
  6 hydras
  A boulder beetle (D:10)
  A centaur warrior (D:9)
  A catoblepas (Lair:5)
  3 two-headed ogres
  A cyclops (D:11)
  4 black mambas
  An ice statue (Lair:2)
  10 elephants
  A torpor snail (Lair:3)
  10 cane toads
  2 gargoyles
  3 rime drakes
  An efreet (Volcano)
  8 komodo dragons
  A freezing wraith (Lair:2)
  2 trolls
  5 polar bears
  Prince Ribbit (D:8)
  A snapping turtle (Lair:4)
  17 blink frogs
  5 dream sheep
  2 culicivoras (Lair:3)
  Sigmund (D:4)
  2 spriggans (Lair:4)
  6 wraiths
  44 yaks
  2 shadows (D:10)
  2 basilisks
  5 wyverns
  2 fire elementals (Volcano)
  A steam dragon (D:10)
  4 vampire mosquitoes (D:11)
  Edmund (D:4)
  2 swamp worms (Lair:1)
  An acid dragon (D:11)
  12 water moccasins
  8 ice beasts
  A necrophage (D:4)
  A black bear (Lair:4)
  2 sky beasts
  A hornet zombie (D:8)
  2 ogres
  32 wolves
  5 centaurs
  4 kobold brigands (D:10)
  18 bullfrogs
  2 scorpions
  A gnoll sergeant (D:11)
  An earth elemental (Volcano)
  A water moccasin skeleton (D:6)
  A water moccasin zombie (D:6)
  9 killer bees
  5 wights (D:9)
  A howler monkey (D:9)
  2 centaur zombies
  A hound (D:7)
  2 jellies
  3 orc priests
  A centaur skeleton (D:4)
  4 iguanas
  A bullfrog skeleton (D:5)
  9 orc wizards
  7 hell rats
  A killer bee zombie (D:7)
  A hound skeleton (D:4)
  2 howler monkey zombies (D:9)
  A howler monkey skeleton (D:6)
  6 adders
  3 white imps
  3 ufetubi
  A worm (D:3)
  4 dart slugs
  9 orcs
  2 ball pythons
  5 endoplasms
  6 giant cockroaches
  4 hobgoblins
  7 jackals
  13 kobolds
  3 quokkas
  2 frilled lizards (D:1)
  6 goblins
  3 rats (D:1)
  A bush (Lair:1)
  A plant (Lair:1)
383 creatures vanquished.

Vanquished Creatures (others)
  33 fungi
  57 plants
90 creatures vanquished.

Grand Total: 473 creatures vanquished

Notes
Turn   | Place    | Note
-------+----------+-------------------------------------------
     0 | D:1      | crazypyro the Minotaur Fighter began the quest for the Orb.
     0 | D:1      | Reached XP level 1. HP: 19/19 MP: 0/0
   124 | D:1      | Found a faded altar of an unknown god.
   137 | D:1      | Prayed at the altar of an unknown god.
   137 | D:1      | Became a worshipper of Zin the Law-Giver
   137 | D:1      | Reached * piety under Zin
   292 | D:1      | Reached XP level 2. HP: 24/27 MP: 1/1
   293 | D:1      | Reached skill level 3 in Axes
  1051 | D:2      | Reached ** piety under Zin
  1270 | D:2      | Reached XP level 3. HP: 33/33 MP: 2/2
  1397 | D:2      | Identified the +1 pair of gloves of Bad Feelings {rC++ rN+}
  1869 | D:3      | Reached skill level 4 in Axes
  1965 | D:3      | Paralysed by a goblin for 6 turns
  1966 | D:3      | Reached XP level 4. HP: 39/40 MP: 3/3
  1974 | D:3      | Paralysed by a goblin for 4 turns
  2296 | D:4      | Reached skill level 5 in Axes
  2343 | D:4      | Reached XP level 5. HP: 46/46 MP: 4/4
  2348 | D:4      | Noticed a necrophage
  2357 | D:4      | Killed a necrophage
  2358 | D:4      | Reached skill level 6 in Axes
  2358 | D:4      | Reached skill level 1 in Dodging
  2447 | D:4      | Reached XP level 6. HP: 42/52 MP: 5/5
  2469 | D:4      | Reached *** piety under Zin
  2525 | D:4      | Noticed Edmund
  2537 | D:4      | Killed Edmund
  2538 | D:4      | Reached skill level 7 in Axes
  2538 | D:4      | HP: 1/52 [poisoned by Edmund]
  2627 | D:4      | Identified the +5 ring mail "Vexar" {Harm +Blink Int+2
                  | Dex+2}
  2629 | D:4      | Noticed Sigmund
  2657 | D:4      | Reached XP level 7. HP: 59/59 MP: 6/6
  2704 | D:4      | Killed Sigmund
  2705 | D:4      | Reached skill level 8 in Axes
  2984 | D:4      | Found a runed translucent door.
  2985 | D:4      | Noticed Crazy Yiuf
  3241 | D:5      | Entered Level 5 of the Dungeon
  3362 | D:5      | Reached skill level 9 in Axes
  3537 | D:5      | Reached **** piety under Zin
  3753 | D:5      | Reached XP level 8. HP: 66/66 MP: 7/7
  3871 | D:5      | Reached skill level 5 in Dodging
  4082 | D:6      | Reached skill level 10 in Axes
  4185 | D:6      | Found a staircase to the Ecumenical Temple.
  4335 | D:6      | Reached skill level 1 in Invocations
  4739 | D:7      | Reached skill level 11 in Axes
  4760 | D:7      | Reached ***** piety under Zin
  4813 | D:7      | Reached XP level 9. HP: 67/71 MP: 8/10
  5363 | D:8      | Reached skill level 12 in Axes
  5530 | D:8      | Reached skill level 13 in Axes
  5563 | D:8      | Noticed Harold
  5593 | D:9      | Found Etonikka's General Store.
  5604 | D:9      | Reached skill level 5 in Invocations
  5654 | D:9      | Found Poongywi's Distillery.
  5657 | D:9      | Noticed a two-headed ogre
  5667 | D:9      | Killed a two-headed ogre
  5710 | D:9      | Bought a potion of heal wounds for 80 gold pieces
  5710 | D:9      | Bought a potion of curing for 48 gold pieces
  5737 | D:9      | Noticed a troll
  5740 | D:9      | Killed a troll
  5741 | D:9      | Reached skill level 14 in Axes
  5741 | D:9      | Reached XP level 10. HP: 79/79 MP: 13/13
  5794 | D:9      | Found Yluare's Weapon Shop.
  6028 | D:9      | Found Diageng's Book Boutique.
  6132 | D:9      | Noticed a centaur warrior
  6140 | D:9      | Killed a centaur warrior
  6284 | D:9      | Noticed a two-headed ogre
  6496 | D:8      | Noticed Prince Ribbit
  6510 | D:8      | Killed Prince Ribbit
  6776 | D:10     | Entered Level 10 of the Dungeon
  6791 | D:10     | Reached skill level 15 in Axes
  7158 | D:10     | Noticed a boulder beetle
  7173 | D:10     | Killed a boulder beetle
  7174 | D:10     | Reached skill level 5 in Fighting
  7174 | D:10     | Reached skill level 5 in Armour
  7231 | D:10     | Reached skill level 5 in Shields
  7243 | D:10     | Reached XP level 11. HP: 80/89 MP: 15/15
  7438 | D:10     | Noticed a three-headed hydra
  7443 | D:10     | Killed a one-headed hydra
  7444 | D:10     | Reached skill level 16 in Axes
  7578 | D:10     | Identified the +7 falchion of Cruel Justice {flame, rF+}
  7965 | D:10     | Found a sparkling altar of Nemelex Xobeh.
  8426 | D:11     | Noticed a two-headed ogre
  8441 | D:11     | Killed a two-headed ogre
  8600 | D:11     | Found a staircase to the Lair.
  8816 | D:11     | Noticed a two-headed ogre
  8824 | D:11     | Killed a two-headed ogre
  9051 | D:11     | Found an ancient bone altar of Kikubaaqudgha.
  9269 | Lair:1   | Entered Level 1 of the Lair of Beasts
  9392 | Lair:1   | Noticed a seven-headed hydra
  9400 | Lair:1   | Killed a four-headed hydra
  9504 | Lair:1   | Reached XP level 12. HP: 102/102 MP: 16/16
 11038 | Lair:3   | Noticed a seven-headed hydra
 11046 | Lair:3   | Killed a two-headed hydra
 11124 | Lair:3   | Found a hole to the Spider Nest.
 11172 | Lair:3   | Reached skill level 10 in Fighting
 11172 | Lair:3   | Reached skill level 10 in Armour
 11355 | Lair:3   | Reached skill level 10 in Shields
 11438 | Lair:3   | Reached ****** piety under Zin
 11571 | Lair:3   | Noticed a five-headed hydra
 11581 | Lair:3   | Killed a one-headed hydra
 11582 | Lair:3   | Reached XP level 13. HP: 107/114 MP: 17/17
 12058 | Lair:4   | Found a dark tunnel.
 12190 | Volcano  | Entered a volcano
 12217 | Volcano  | Noticed a stone giant
 12231 | Volcano  | Reached skill level 10 in Dodging
 12242 | Volcano  | Killed a stone giant
 13141 | Lair:4   | Found a staircase to the Shoals.
 13347 | Lair:5   | Noticed Josephine
 13421 | Lair:5   | Killed Josephine
 14146 | Lair:5   | Found a runed translucent gate.
 14146 | Lair:5   | Found a runed translucent gate.
 14146 | Lair:5   | Found a runed translucent gate.
 14146 | Lair:5   | Noticed Hairutzoic's ghost (journeyman MiBe)
 14314 | Lair:6   | Entered Level 6 of the Lair of Beasts
 14405 | Lair:6   | Reached XP level 14. HP: 106/126 MP: 18/18
 14489 | Lair:6   | Noticed Nessos
 14513 | Lair:6   | Shot with an arrow by Nessos

Illustrated notes

Levels and vault maps discovered:
D:1:      minmay_arrival_stone_box, layout_loops_corners,
          ebering_ecumenical_altar_sacrificial
D:2:      layout_loops_corners, minmay_worlds_worst_comb
D:3:      layout_basic
D:4:      layout_basic, hangedman_decor_peaks_small, kennysheep_orc_chapel,
          uniq_crazy_yiuf_cottage, uniq_sigmund, uniq_edmund
D:5:      layout_loops_cross
D:6:      layout_loops_ring, minmay_temple_entry_drinking_statues
D:7:      layout_loops_ring, ebering_dispersal_statue_hall,
          lemuel_flamethrower_2
D:8:      minmay_flawed_box, layout_cave_pools, serial_bayou_pond_d,
          grunt_decor_resistance, uniq_prince_ribbit1, uniq_harold
D:9:      layout_irregular_city, serial_shops, shop, shop,
          nicolae_shop_hallway_plus, shop, kennysheep_flooded_box
D:10:     layout_layer_cave, nemelex_diamond_rough_becter, minivault_22,
          minivault_25_ag, kennysheep_minor_cross, hangedman_ranch
D:11:     layout_basic, minmay_lair_entry_grove, kiku_gazebo_pond_becter
D:12:     layout_long_grid, hiddenorc2_lemuel
Lair:1:   wad_woods_04, layout_concentric_octagons, worms_lemuel,
          infiniplex_staircase_pool, serial_bayou_shore_b
Lair:2:   layout_gridlike, ice2_lemuel, grunt_megastairs_2, lemuel_fruit_fields,
          infiniplex_staircase_pool_2
Lair:3:   layout_cave_pods, hellmonk_spider_entry_life_and_decay
Lair:4:   layout_cave_pods, minmay_shoals_entry_hut,
          nicolae_volcano_entry_lava_flow, minivault_19, forest_entry_grove
Lair:5:   layout_loops_ring, ebering_ghost_rock_garden,
          eino_small_chamber_without_monster, small_statue_intersection,
          uniq_josephine
Lair:6:   hellmonk_lair_end_abyssal_woods, layout_layer_cave,
          dpeg_slime_entry_enclosed_altar, uniq_sonja, uniq_nessos

Skill      XL: |  1  2  3  4  5  6  7  8  9 10 11 12 13 |
---------------+----------------------------------------+-----
Axes           | 3 4 5 6 7 9 11 14 15 16 | 16.1
Fighting       | 4 5 8 10 12 | 12.3
Armour         | 4 5 8 10 12 | 12.3
Dodging        | 2 3 4 5 7 9 11 | 11.2
Invocations    | 3 5 6 |  6.8
Shields        | 5 7 10 12 | 12.1

Action                   |  1- 3 |  4- 6 |  7- 9 | 10-12 | 13-15 || total
-------------------------+-------+-------+-------+-------+-------++-------
Melee: War axe           |    87 |    77 |   180 |   125 |    40 ||   509
       Headbutt          |     8 |    14 |    37 |   114 |    63 ||   236
       Hand axe          |       |       |       |   349 |   208 ||   557
Invok: Recite            |       |       |       |       |     1 ||     1
  Use: Scroll            |       |     8 |     3 |     1 |     3 ||    15
       Potion            |       |     4 |       |     1 |       ||     5
Armor: Scale mail        |    48 |    41 |    41 |       |       ||   130
       Ring mail         |       |       |    61 |   119 |    67 ||   247
Dodge: Dodged            |    45 |    33 |   107 |   166 |   103 ||   454
       Repelled          |       |       |     1 |     1 |       ||     2
Block: Buckler           |    21 |    28 |    39 |    83 |    14 ||   185
       Kite shield       |       |       |       |       |   116 ||   116
